[Event "*** Titled Tuesday 3|2 Blitz"]
[Site "Chess.com"]
[Date "2015.06.02"]
[Round "5"]
[White "PowerThinking2650"]
[Black "MattyDPerrine"]
[Result "0-1"]
[WhiteElo "2071"]
[BlackElo "2241"]
[TimeControl "180+2"]
[EndTime "11:58:20 PDT"]
[Termination "MattyDPerrine won by resignation"]

1. e4 c5 2. Nf3 d6 3. d4 cxd4 4. Nxd4 Nf6 5. Nc3 a6 6. Be3 e5 7.
Nb3 Be6 8. f3 Be7 9. Qd2 Nbd7 10. g4 Qc7 11. h4 b5 12. a3 Nb6 13. Na5 Rc8 14. h5 h6 15. Rh2 Nbd7 16. Nb3 Rd8 17.
Nd5 Bxd5 18. exd5 Nb6 19. Bxb6 Qxb6 20. Na5 Rc8 21. O-O-O Nxg4 22. fxg4 Bg5 23. Nc6 Qg1 24.
Re2 Bxd2+ 25. Rexd2 Qxg4 26. Be2 Qg5 27. Kb1 O-O 28.
Rd3 f5 29. Rc3 e4 30. Rf1 f4 31. a4 f3 32. Bd1 bxa4 33. Rc4 Rce8 34. Rxa4 Qg2 35.
Re1 f2 0-1

[Event "*** Titled Tuesday 3|2 Blitz"]
[Site "Chess.com"]
[Date "2015.06.02"]
[Round "5"]
[White "Aygehovit1992"]
[Black "jcibarra"]
[Result "0-1"]
[WhiteElo "2428"]
[BlackElo "2546"]
[TimeControl "180+2"]
[EndTime "11:58:23 PDT"]
[Termination "jcibarra won on time"]

1. d4 Nf6 2. c4 d6 3. Nc3 e5 4. Nf3 e4 5. Ng5 Qe7 6. f3 exf3 7. Nxf3 g6 8. Bg5 Nbd7 9. Qd2 Bg7 10. O-O-O O-O 11. e4 c6 12. h4 Re8 13. Re1 Qf8 14. h5 Nxh5 15. Qf2 Ndf6 16. Qh4 Ng4 17. e5 dxe5 18.
dxe5 h6 19. Bd2 Nxe5 20. Nxe5 Rxe5 21. Rxe5 Bxe5 22. g4 Nf4 23. Qe1 Qg7 24. Qf2 g5 25.
Qf3 Be6 26. c5 Rd8 27. Be2 Qg6 28. Bf1 Qf6 29. Bg2 Nd3+ 30. Kb1 Qxf3 31. Bxf3 Nf2 32. Rxh6 Rxd2 0-1

[Event "*** Titled Tuesday 3|2 Blitz"]
[Site "Chess.com"]
[Date "2015.06.02"]
[Round "5"]
[White "Tal-Baronfew"]
[Black "Cruel_Yaro"]
[Result "0-1"]
[WhiteElo "2530"]
[BlackElo "2562"]
[TimeControl "180+2"]
[EndTime "11:58:30 PDT"]
[Termination "Cruel_Yaro won on time"]

1. d4 Nf6 2. c4 c5 3. d5 e6 4. Nc3 exd5 5. cxd5 d6 6. Nf3 g6 7. Bf4 a6 8. a4 Bg7 9. h3 O-O 10. e3 Bf5 11. Nd2 Re8 12. Be2 Ne4 13. Ndxe4 Bxe4 14. O-O g5 15. Bh2 Bg6 16. f4 gxf4 17. exf4 f5 18.
Kh1 Nd7 19. Bd3 Nf6 20. Qc2 Qd7 21. a5 Ne4 22. Rae1 Nxc3 23. bxc3 Rxe1 24. Rxe1 Re8 25.
Rxe8+ Qxe8 26. Bg1 Qe1 27. Bxf5 Bf7 28. Bxh7+ Kh8 29.
Bg6 Bxc3 30. Kh2 Bd2 31. Bxf7 Bxf4+ 0-1

[Event "*** Titled Tuesday 3|2 Blitz"]
[Site "Chess.com"]
[Date "2015.06.02"]
[Round "5"]
[White "Danirod"]
[Black "patzerplay"]
[Result "1-0"]
[WhiteElo "2396"]
[BlackElo "2169"]
[TimeControl "180+2"]
[EndTime "11:58:33 PDT"]
[Termination "Danirod won by resignation"]

1. e4 c5 2. Nf3 d6 3. Bb5+ Bd7 4.
Bxd7+ Qxd7 5. O-O Nc6 6. c3 Nf6 7. d4 cxd4 8. cxd4 Nxe4 9. d5 Ne5 10. Re1 Nf6 11. Nxe5 dxe5 12. Rxe5 O-O-O 13. Nc3 e6 14. Qd4 Kb8 15. Bg5 Bd6 16. Ree1 e5 17. Qd3 Qg4 18. Be3 Bc7 19. h3 Qg6 20. Qc4 Nh5 21.
Bxa7+ Kxa7 22. Nb5+ Ka8 23. Nxc7+ Kb8 24. Nb5 Qb6 25.
a4 Rc8 26. Qg4 Nf6 27. Qf5 e4 28. Rac1 Rxc1 29. Rxc1 Rd8 30. d6 e3 31. Re1 Re8 32.
fxe3 Rxe3 33. Rxe3 Qxe3+ 34. Qf2 Qc1+ 35. Kh2 Qc6 36.
Qa7+ Kc8 37. Qd4 Kd7 38. Qe5 Qe4 39. Qc3 Qf4+ 40. Qg3 Qxg3+ 41. Kxg3 Ne4+ 42. Kf4 Nxd6 43. Nd4 Nc4 44. b3 h6 45. bxc4 1-0

[Event "*** Titled Tuesday 3|2 Blitz"]
[Site "Chess.com"]
[Date "2015.06.02"]
[Round "5"]
[White "Lupul_Cenusiu"]
[Black "oggy1984"]
[Result "0-1"]
[WhiteElo "2435"]
[BlackElo "2330"]
[TimeControl "180+2"]
[EndTime "11:58:55 PDT"]
[Termination "oggy1984 won by resignation"]

1. d4 Nf6 2. Bg5 d5 3. Nd2 Nbd7 4.
e3 e5 5. dxe5 Nxe5 6. Ngf3 Bd6 7.
Be2 h6 8. Bh4 Nxf3+ 9. Nxf3 O-O 10. O-O Be6 11. Nd4 Bd7 12. Bg3 Bxg3 13. hxg3 c5 14. Nb3 b6 15. c4 dxc4 16. Bxc4 Qe7 17. Qc2 Rad8 18. a4 Bc6 19. Rfe1 Ne4 20. Bb5 Bxb5 21. axb5 Rfe8 22. Ra4 Nd6 23. Qe2 Qd7 24. Nd2 Nxb5 25. Raa1 Qxd2 26. Qxb5 Re7 27. b3 Rd6 28. Rf1 Red7 29. Ra4 Qc2 30. Rc4 Qb2 31. Rf4 Rd3 32. b4 g5 33. Re4 Rd1 34. g4 cxb4 35. Re8+ Kg7 36. Rxd1 Rxd1+ 37. Kh2 b3 38. Qf5 Qa1 39. Re7 Qf6 40. Qe4 b2 41. Re8 b1=Q 42. Kg3 Qxe4 43.
Rxe4 Rd2 44. f3 Qb2 45. Kh3 Rxg2 0-1

[Event "*** Titled Tuesday 3|2 Blitz"]
[Site "Chess.com"]
[Date "2015.06.02"]
[Round "5"]
[White "dabee"]
[Black "Tirantes"]
[Result "1-0"]
[WhiteElo "2372"]
[BlackElo "2170"]
[TimeControl "180+2"]
[EndTime "11:59:01 PDT"]
[Termination "dabee won on time"]

1. d4 f5 2. c4 Nf6 3. Nc3 e6 4. Bf4 Bb4 5. e3 O-O 6. Bd3 Bxc3+ 7. bxc3 d6 8. Ne2 Qe7 9. O-O h6 10. f3 e5 11. Bg3 c5 12. Qc2 e4 13. fxe4 fxe4 14. Rxf6 Qxf6 15. Bxe4 Nc6 16. Nf4 Bf5 17. Nd5 Qg6 18. Bxf5 Rxf5 19. Qb3 b6 20. Qa4 Rc8 21. Qa6 Rff8 22. Bf4 Qe6 23. h4 Ne7 24. Qxa7 Nxd5 25. cxd5 Qxd5 26. Qxb6 cxd4 27. Qxd4 Qh5 28. Bxd6 Rf7 29.
c4 Qe2 30. c5 Kh8 31. Bf4 Qc2 32. Bxh6 Rxc5 33. Bf4 Kh7 34. a4 Rc4 35. Qd5 Rf6 36. a5 Rb4 37. a6 Rb2 38. Rd1 Qf2+ 39. Kh1 Qxh4+ 40. Kg1 Qf2+ 41. Kh1 Qh4+ 42. Bh2 Rg6 43. a7 1-0

[Event "*** Titled Tuesday 3|2 Blitz"]
[Site "Chess.com"]
[Date "2015.06.02"]
[Round "5"]
[White "E-Shaposhnikov"]
[Black "Keaton87"]
[Result "1/2-1/2"]
[WhiteElo "2355"]
[BlackElo "2397"]
[TimeControl "180+2"]
[EndTime "11:59:15 PDT"]
[Termination "Game drawn by repetition"]

1. Nf3 d5 2. d4 Nf6 3. c4 e6 4.
Nc3 Be7 5. Bf4 O-O 6. e3 b6 7. Rc1 c5 8. cxd5 Nxd5 9. Nxd5 exd5 10. Bd3 Nc6 11. Ne5 Nxe5 12. Bxe5 c4 13. Bb1 Be6 14.
O-O b5 15. Qh5 g6 16. Qh6 Bf6 17. f4 Bxe5 18. fxe5 f5 19. exf6 Rxf6 20. Rxf6 Qxf6 21. Rf1 Qg7 22. Qf4 Rf8 23. Qd6 Rxf1+ 24. Kxf1 Qf8+ 25. Qxf8+ Kxf8 26. e4 dxe4 27. Bxe4 Ke7 28. Ke2 Kd6 29.
Ke3 Bd5 30. g3 a5 31. a3 Bxe4 32. Kxe4 b4 33. axb4 a4 34. b5 c3 35. Kd3 cxb2 36.
Kc2 a3 37. Kb1 Kd5 38. Ka2 g5 39. g4 Kd6 40. Kb1 Kd5 41. Ka2 Kd6 42. Kb1 Ke6 43.
b6 Kd6 44. d5 Kd7 45. Kc2 Kd6 46. Kb1 Kd7 47. Ka2 Kd6 48. Kb1 1/2-1/2

[Event "*** Titled Tuesday 3|2 Blitz"]
[Site "Chess.com"]
[Date "2015.06.02"]
[Round "5"]
[White "Gevorg_Harutjunyan"]
[Black "Tilicheev_Viacheslav"]
[Result "1/2-1/2"]
[WhiteElo "2536"]
[BlackElo "2428"]
[TimeControl "180+2"]
[EndTime "11:59:17 PDT"]
[Termination "Game drawn by repetition"]

1. Nf3 d5 2. g3 Nc6 3. d4 Bg4 4. Bg2 Qd7 5. h3 Bxf3 6. Bxf3 O-O-O 7. c3 e5 8. dxe5 Nxe5 9. Bg2 Nf6 10. O-O h5 11. Qd4 Nc6 12. Qa4 h4 13. g4 Bd6 14.
Na3 a6 15. Bg5 Qe6 16. e3 Be7 17. Rad1 Ne4 18. Bxe7 Qxe7 19. Qc2 Rhe8 20. c4 d4 21. Rfe1 d3 22. Rxd3 Nb4 23. Rxd8+ Qxd8 24. Qa4 Nd3 25. Bxe4 Nxe1 26. c5 f5 27. Bxf5+ Kb8 28. Be4 Rxe4 29. Qxe4 Qd1 30. Kh2 Qe2 31. Kg1 Nd3 32. Qf5 Ka7 33. c6 g6 34. Qf8 Ne1 35. Qc5+ b6 36. Qf8 Nf3+ 37. Kg2 Ne1+ 38. Kg1 Nf3+ 39. Kg2 Ne1+ 40.
Kg1 Nf3+ 1/2-1/2

[Event "*** Titled Tuesday 3|2 Blitz"]
[Site "Chess.com"]
[Date "2015.06.02"]
[Round "5"]
[White "Viaje"]
[Black "wonderfultime"]
[Result "0-1"]
[WhiteElo "2165"]
[BlackElo "2520"]
[TimeControl "180+2"]
[EndTime "11:59:21 PDT"]
[Termination "wonderfultime won by checkmate"]

1. d4 d5 2. c4 c6 3. Nf3 Nf6 4. Nc3 dxc4 5. a4 Bf5 6. Ne5 Nbd7 7. Nxc4 Qc7 8. g3 e5 9. dxe5 Nxe5 10. Bf4 Nfd7 11.
Bg2 f6 12. O-O g5 13. Nxe5 gxf4 14. Nxd7 Bxd7 15. a5 a6 16. Qb3 O-O-O 17. Rfc1 fxg3 18. hxg3 Kb8 19. Nd5 Qe5 20. Nb6 Be6 21. Qc2 h5 22. Bxc6 Bh6 23. e3 h4 24. Bxb7 hxg3 25. Bg2 gxf2+ 26.
Kf1 Qb5+ 27. Kxf2 Qe5 28. Re1 Bg5 29. Qc6 Rd2+ 30. Kf1 Rxg2 31. Qa8+ Kc7 32. Rac1+ Kd6 33. Rc6+ Ke7 34. Qb7+ Ke8 35. Rc8+ Bxc8 36. Qxc8+ Kf7 37. Qd7+ Kg6 38. Qd3+ f5 39. Kxg2 Rh2+ 40. Kf1 Qg3 41. Re2 Rh1# 0-1

[Event "*** Titled Tuesday 3|2 Blitz"]
[Site "Chess.com"]
[Date "2015.06.02"]
[Round "5"]
[White "pedromartinez91"]
[Black "TomsKantans"]
[Result "0-1"]
[WhiteElo "2122"]
[BlackElo "2288"]
[TimeControl "180+2"]
[EndTime "11:59:39 PDT"]
[Termination "TomsKantans won by checkmate"]

1. Nf3 Nf6 2. g3 g6 3. Bg2 Bg7 4. O-O O-O 5. d4 d5 6. c4 c5 7. dxc5 dxc4 8. Qa4 Nc6 9. Qxc4 Be6 10. Qb5 Qc8 11. Nc3 Rd8 12. Bf4 Nd5 13. Nxd5 Bxd5 14. Rfd1 h6 15. Be3 Qc7 16. Rd2 e6 17. a3 Na5 18.
Rad1 Nc4 19. Rxd5 exd5 20. Bd4 Qc6 21. Qb4 a5 22. Qc3 Bxd4 23. Qxd4 a4 24. Nd2 Nxd2 25.
Rxd2 Rac8 26. Rc2 b6 27. Qf4 bxc5 28. Qxh6 Qe6 29. Rd2 d4 30. Bh3 f5 31. Rd3 c4 32.
Rf3 Rf8 33. Rf4 Qf6 34. Rh4 Rc7 35. Qd2 c3 36. bxc3 dxc3 37. Qa2+ Qf7 38. Qc2 Qb3 39. Qc1 c2 40. Bf1 Qb1 41. Qh6 Qxf1+ 42. Kxf1 c1=Q+ 43. Kg2 Qxh6 44. Rxh6 Kg7 45. Rh4 Ra8 46. Rb4 Rc3 47.
Kh3 Rxa3 48. Kh4 Rc3 49. Kg5 Rc6 50. f4 a3 51. Rb1 a2 52. Ra1 Rc2 53. h4 Rxe2 54.
h5 gxh5 55. g4 hxg4 56. Rb1 axb1=Q 57. Kh5 Rh2+ 58. Kg5 Qb6 59. Kxf5 Qf6+ 60. Kxg4 Qg6+ 61. Kf3 Ra3# 0-1

[Event "*** Titled Tuesday 3|2 Blitz"]
[Site "Chess.com"]
[Date "2015.06.02"]
[Round "5"]
[White "GMNeiksans"]
[Black "IMRosen"]
[Result "1-0"]
[WhiteElo "2525"]
[BlackElo "2260"]
[TimeControl "180+2"]
[EndTime "11:59:44 PDT"]
[Termination "GMNeiksans won on time"]

1. Nf3 Nf6 2. c4 e6 3. g3 d5 4. Bg2 Be7 5. O-O O-O 6. d4 c6 7. Qc2 b5 8. b3 a5 9. Bf4 Ba6 10. Nbd2 Nbd7 11. Rfe1 Rc8 12. c5 Nh5 13. e3 Nxf4 14.
exf4 b4 15. a3 Ra8 16. Bf1 Bxf1 17. Nxf1 Qc7 18. Ra2 Ra7 19. Rea1 Rfa8 20. Ne3 Bf6 21. Qd3 Qb7 22. Nc2 h6 23. axb4 axb4 24. Rxa7 Rxa7 25. Rxa7 Qxa7 26. Nxb4 Qb7 27. Nc2 Nb8 28. b4 Na6 29. Qa3 Nc7 30. Qa5 Nb5 31. Ne5 Bxe5 32. fxe5 Kh7 33. Kg2 Kg6 34. Kf3 Kf5 35. Ke3 Kg6 36.
f4 h5 37. Kd3 Qb8 38. Ne3 h4 39. Qa6 hxg3 40. hxg3 Qe8 41. Qb7 f6 42. g4 fxe5 43.
dxe5 Kh7 44. Kd2 d4 45. Nc4 Qg6 46. Qxc6 1-0

[Event "*** Titled Tuesday 3|2 Blitz"]
[Site "Chess.com"]
[Date "2015.06.02"]
[Round "5"]
[White "Schemato"]
[Black "MFBerna"]
[Result "0-1"]
[WhiteElo "2033"]
[BlackElo "1901"]
[TimeControl "180+2"]
[EndTime "11:59:48 PDT"]
[Termination "MFBerna won by checkmate"]

1. c4 e6 2. Nc3 d5 3. d4 Be7 4. cxd5 exd5 5. Bf4 c6 6. e3 Bf5 7. g4 Be6 8. h3 Nd7 9. Bg2 h5 10. gxh5 Ndf6 11. Bf3 Nh6 12. Nge2 Nf5 13. Ng3 Nh4 14. Bg4 Ng2+ 15. Kf1 Nxf4 16. exf4 Qd6 17. f5 Bd7 18. Kg2 O-O-O 19. Qf3 Kb8 20. Rhe1 Nh7 21. Re2 Bf6 22. Qd3 Qf4 23. Rd1 Rhe8 24. Re3 Ng5 25. f3 Rxe3 26. Qd2 Rxf3 27. Qxf4+ Rxf4 28.
Nge2 Re4 29. Nxe4 Nxe4 30. Nc3 Re8 31. a4 Nd6 32. b3 Nxf5 33. Rb1 Ne3+ 34. Kf3 Bxg4+ 35.
hxg4 Bxd4 36. Ne2 Bb6 37. b4 Nc2 38. Nf4 Re3+ 39. Kg2 Re4 40. Nh3 Rxg4+ 41. Kf3 Rxb4 42. Rg1 Bxg1 43. Nxg1 Rxa4 44. Ne2 Nd4+ 45. Nxd4 Rxd4 46.
Ke3 Rh4 47. h6 Rxh6 48. Kf4 a5 49. Ke5 a4 50. Kd4 a3 51. Kc5 a2 52. Kb6 a1=Q 53.
Kc5 Qc3+ 54. Kb6 Qb4# 0-1

[Event "*** Titled Tuesday 3|2 Blitz"]
[Site "Chess.com"]
[Date "2015.06.02"]
[Round "5"]
[White "GMG"]
[Black "jlandaw"]
[Result "0-1"]
[WhiteElo "2452"]
[BlackElo "2322"]
[TimeControl "180+2"]
[EndTime "12:00:26 PDT"]
[Termination "jlandaw won by resignation"]

1. c4 e5 2. Nc3 Nc6 3. Nf3 g6 4.
d4 exd4 5. Nd5 Bg7 6. Bg5 f6 7. Bf4 d6 8. Nxd4 Nge7 9. Nb5 Nxd5 10. cxd5 Ne5 11. Rc1 c5 12. dxc6 Qa5+ 13. Nc3 O-O 14. Qxd6 Rd8 15. Qa3 Qxa3 16. bxa3 bxc6 17. Bxe5 fxe5 18.
e3 Be6 19. Be2 Bf8 20. Nb1 Bxa2 21. Bc4+ Bxc4 22. Rxc4 Rab8 23. O-O Rb6 24. g4 Rdb8 25. Rcc1 Kf7 26. Kg2 Ke6 27. Kf3 Bd6 28. Nd2 Bxa3 29.
Ra1 Bb4 30. Nc4 R6b7 31. Ra6 Kd5 32. Rc1 Rf8+ 33. Ke2 Rbf7 34. Kd3 e4+ 35. Kc2 Kxc4 36. Rxc6+ Kb5 37. Kb3 Rxf2 38. Rc7 a5 39. Rb7+ Ka6 40. Rxh7 R8f6 41. Rc8 Rb6 42. Ra8+ Kb5 43. Rd7 Rd2 44. Rxd2 Bxd2 45. Re8 Bxe3 46. Rxe4 Bc5 47. h4 Rf6 48. h5 gxh5 49. gxh5 Rf3+ 50. Ka2 Rh3 51. Re5 Kc4 52. Rf5 a4 53. Rg5 Rh2+ 54. Kb1 Bd4 55. Ra5 Kb4 56. Rd5 Bc3 57. Rd8 Kb3 58. Rb8+ Bb4 0-1

[Event "*** Titled Tuesday 3|2 Blitz"]
[Site "Chess.com"]
[Date "2015.06.02"]
[Round "5"]
[White "Krutoy123"]
[Black "Malev212"]
[Result "1-0"]
[WhiteElo "2105"]
[BlackElo "2208"]
[TimeControl "180+2"]
[EndTime "12:00:35 PDT"]
[Termination "Krutoy123 won by resignation"]

1. e4 g6 2. d4 d6 3. Nc3 c6 4. f4 d5 5. Nf3 dxe4 6. Nxe4 Bg4 7. c3 Bg7 8. h3 Bxf3 9. Qxf3 e6 10. Be2 Ne7 11.
O-O O-O 12. b3 Nd7 13. Bb2 Nf5 14. Rad1 Qc7 15. Ba1 Rad8 16. g4 Ne7 17. Bb2 c5 18.
Ba3 b6 19. Qf2 Nd5 20. c4 Nb4 21. dxc5 Nxc5 22. Bxb4 Nxe4 23. Qe3 Nc5 24. Kg2 a5 25. Ba3 Rfe8 26. Bf3 h6 27. Bc1 Rxd1 28. Rxd1 Rd8 29. Qe2 Rd4 30. Rxd4 Bxd4 31. f5 g5 32. fxe6 Nxe6 33.
Qe4 Kg7 34. Qf5 Bf6 35. Bd5 Nd4 36. Qe4 Qd7 37. Be3 Ne6 38. Bxe6 fxe6 39. Bxb6 Qd2+ 40. Bf2 Kf7 41. a3 Qc3 42. Qf3 Qb2 43. c5 Ke7 44. Qd3 Be5 45. c6 Bd6 46. Qh7+ Kf8 47. Qxh6+ Kf7 48.
Qh7+ Kf8 49. Qd3 Bc5 50. Qf3+ Ke7 51. c7 Kd7 52. Qf7+ Kc8 53. Qxe6+ Kxc7 54. Qf7+ Kc6 55. Qg6+ Kb7 56. Qe4+ Ka6 57. Qc4+ 1-0

[Event "*** Titled Tuesday 3|2 Blitz"]
[Site "Chess.com"]
[Date "2015.06.02"]
[Round "5"]
[White "GGuseinov"]
[Black "VSERGUEI"]
[Result "1/2-1/2"]
[WhiteElo "2522"]
[BlackElo "2500"]
[TimeControl "180+2"]
[EndTime "12:00:42 PDT"]
[Termination "Game drawn by repetition"]

1. e4 e6 2. d4 d5 3. Nd2 Nf6 4. e5 Nfd7 5. Ngf3 c5 6. c3 Nc6 7. Bd3 a5 8. a4 Be7 9. O-O g5 10. dxc5 h5 11. Bb5 Nxc5 12. Nd4 Bd7 13. f4 Nxd4 14. cxd4 Bxb5 15. axb5 Nd3 16. f5 Qb6 17.
Nf3 Nxc1 18. Rxc1 g4 19. Ne1 Kd7 20. Qa4 Rac8 21. Nd3 Rxc1 22. Rxc1 Rc8 23. Rxc8 Kxc8 24. fxe6 fxe6 25. Kf2 Qc7 26. Ke2 b6 27. Kd1 Bg5 28.
h3 gxh3 29. gxh3 Kd7 30. Qc2 Qxc2+ 31. Kxc2 Ke7 32. b3 Be3 33. Kc3 Kf7 34. Nb2 Bg5 35.
Na4 Bd8 36. Kd3 Kg6 37. Ke3 Kg5 38. Kf3 Kh4 39. Kg2 Bc7 40. Nb2 Kg5 41. Kf3 Kh4 42. Kg2 Kg5 43. Nd3 Bd8 44. Kf3 Kf5 45. Nf4 h4 46. Nd3 Bg5 47. Nb2 Be7 48. Na4 Bd8 49.
Nc3 Be7 50. Nd1 Bg5 51. Nc3 Be7 52. Ne2 Bg5 53. Nc3 Be7 54. Na4 Bd8 55. Nb2 Be7 56. Nd1 Bg5 57. Nc3 Be7 1/2-1/2

[Event "*** Titled Tuesday 3|2 Blitz"]
[Site "Chess.com"]
[Date "2015.06.02"]
[Round "5"]
[White "Daniel_Fridman"]
[Black "iFrancisco"]
[Result "1/2-1/2"]
[WhiteElo "2527"]
[BlackElo "2303"]
[TimeControl "180+2"]
[EndTime "12:00:49 PDT"]
[Termination "Game drawn by repetition"]

1. d4 d5 2. c4 e6 3. Nc3 Nf6 4. cxd5 exd5 5. Bg5 c6 6. Qc2 Nbd7 7. e3 Be7 8. Bd3 O-O 9. Nf3 Re8 10. O-O Nf8 11. h3 Ne4 12. Bf4 Nxc3 13. bxc3 Bd6 14. Bxd6 Qxd6 15. c4 dxc4 16. Bxc4 Be6 17. a4 b6 18.
Rfc1 Rac8 19. Ne5 c5 20. Ba6 Rc7 21. Nc4 Qe7 22. Na3 Bc8 23. Bxc8 Rcxc8 24. d5 Nd7 25. Nb5 Nf6 26. Rd1 Qd7 27. Nc3 c4 28. e4 Rc5 29. Rd4 a6 30. f4 b5 31. axb5 axb5 32. Na2 Qa7 33. Rad1 Rcc8 34. Kh2 b4 35. Nxb4 Qb8 36. e5 Qxb4 37. exf6 g6 38. f5 Qd6+ 39. Kh1 c3 40. fxg6 hxg6 41. Rf1 Re5 42. Rd3 Rxd5 43.
Rxc3 Rxc3 44. Qxc3 Rd1 45. Rg1 Rd3 46. Qa1 Kh7 47.
Rf1 Qd5 48. Kg1 Qc5+ 49. Kh2 Qd6+ 50. Kh1 Qd5 51. Kg1 Qc5+ 52. Kh1 Qd5 1/2-1/2

[Event "*** Titled Tuesday 3|2 Blitz"]
[Site "Chess.com"]
[Date "2015.06.02"]
[Round "5"]
[White "alexsuper1987"]
[Black "Vandros57"]
[Result "1-0"]
[WhiteElo "2068"]
[BlackElo "1823"]
[TimeControl "180+2"]
[EndTime "12:00:50 PDT"]
[Termination "alexsuper1987 won on time"]

1. e4 c5 2. d4 cxd4 3. Nf3 d6 4. Nxd4 Nf6 5. Nc3 Nc6 6. Be3 e5 7. Nb3 Be7 8. f3 O-O 9. Qd2 Be6 10. O-O-O a6 11. g4 Rc8 12. g5 Nh5 13. Ne2 b5 14. Ng3 Nf4 15. h4 d5 16. Bxf4 exf4 17. exd5 fxg3 18.
dxe6 Qxd2+ 19. Rxd2 fxe6 20. Bh3 Nd8 21. Rd7 Rf7 22.
f4 Bf8 23. Rxd8 Rxd8 24. Bxe6 g6 25. Rg1 Bd6 26. c3 Bxf4+ 27. Kc2 Rf8 28. Nd4 Kg7 29. Bxf7 Kxf7 30. Ne2 Bc7 31. Nxg3 Ke6 32. Re1+ Kd7 33. Ne4 Rf4 34. Nf6+ Kc6 35. Re6+ Kb7 36. Re7 Kc6 37. Rxh7 Rf2+ 38. Kb3 a5 39. a3 a4+ 40. Ka2 Be5 41. Ng4 Re2 42. Re7 Kd6 43. Rxe5 Rxe5 44. Nxe5 Kxe5 45. b3 Kf4 46. bxa4 bxa4 47. h5 Kxg5 48.
hxg6 Kxg6 49. Kb2 Kf5 50. c4 Ke4 51. Kc3 Ke5 52. Kb4 Kd4 53. Kb5 Kc3 54. c5 Kb3 55. c6 Kxa3 56. c7 Kb3 57. c8=Q a3 58. Qc1 Ka2 59. Kc5 Kb3 60. Qa1 1-0

[Event "*** Titled Tuesday 3|2 Blitz"]
[Site "Chess.com"]
[Date "2015.06.02"]
[Round "5"]
[White "GasconJR"]
[Black "Colombiano07"]
[Result "1/2-1/2"]
[WhiteElo "2288"]
[BlackElo "2001"]
[TimeControl "180+2"]
[EndTime "12:00:58 PDT"]
[Termination "Game drawn - insufficient material"]

1. e4 c5 2. Nf3 Nc6 3. Bb5 d6 4. O-O Bd7 5. Re1 Nf6 6. c3 a6 7. Bf1 Bg4 8. h3 Bh5 9. d3 e6 10. Nbd2 Be7 11. Qb3 Qc7 12. d4 O-O 13. dxc5 dxc5 14.
a4 Rfd8 15. g4 Bg6 16. e5 Nd5 17. Nc4 b6 18. Bg5 Bxg5 19. Nxg5 Rab8 20. Rad1 b5 21.
axb5 axb5 22. Nd6 c4 23. Qa3 Nxe5 24. Rxe5 Qxd6 25. Rdxd5 Qxa3 26. Rxd8+ Rxd8 27. bxa3 f6 28. Rxb5 fxg5 29. Bxc4 Rd1+ 30. Kg2 Be4+ 31. f3 Bd5 32. Bxd5 exd5 33. a4 Kf7 34. a5 Ke6 35. Rb7 Kf6 36. a6 Ra1 37. a7 h6 38. Kf2 g6 39.
Ke3 Ke5 40. Kd3 Ra2 41. Rf7 h5 42. Re7+ Kf4 43. Kd4 Ra5 44. Rf7+ Kg3 45. gxh5 gxh5 46.
c4 dxc4 47. Kxc4 Kxh3 48. Kb4 Ra1 49. Rg7 g4 50. fxg4 hxg4 51. Rh7+ Kg2 52. Rc7 g3 53. Kb5 Kh2 54. Rh7+ Kg1 55. Kb6 g2 56. Kb7 Rb1+ 57.
Kc8 Ra1 58. Kb8 Kf2 59. Rf7+ Ke3 60. Rg7 g1=Q 61. Rxg1 Rxg1 62. a8=Q Rg8+ 63. Kb7 Rxa8 64. Kxa8 1/2-1/2

[Event "*** Titled Tuesday 3|2 Blitz"]
[Site "Chess.com"]
[Date "2015.06.02"]
[Round "5"]
[White "GeorgMeier"]
[Black "Konavets"]
[Result "0-1"]
[WhiteElo "2713"]
[BlackElo "2456"]
[TimeControl "180+2"]
[EndTime "12:01:01 PDT"]
[Termination "Konavets won by resignation"]

1. Nf3 Nf6 2. g3 d5 3. Bg2 Bg4 4. c4 c6 5. O-O Nbd7 6. cxd5 Bxf3 7.
Bxf3 cxd5 8. Nc3 e6 9. Qb3 Nc5 10. Qb5+ Qd7 11. d3 a6 12. Qxd7+ Ncxd7 13. Bd2 Bd6 14.
Rfc1 Ke7 15. Rc2 Rhc8 16. Rac1 Rc6 17. Nd1 Rac8 18. Rxc6 Rxc6 19. Rxc6 bxc6 20. b3 c5 21. Bg2 Ne5 22. f4 Nc6 23. e4 e5 24. f5 Nb4 25.
Nb2 dxe4 26. dxe4 Nxa2 27. Nc4 Nb4 28. Kf1 Nc2 29. Bc3 Nd4 30. Bxd4 cxd4 31. Ke2 Nd7 32. Kd3 Bb4 33. Kc2 f6 34. Nb2 Kd6 35. Bf1 a5 36. Bc4 g6 37. g4 gxf5 38. gxf5 h6 39. Nd3 Bc3 40. Bf7 Nb8 41. Be8 Na6 42. Bb5 Nc7 43. Bc4 Ne8 44. Bf7 Ke7 45. Bxe8 Kxe8 46. Nf2 h5 47. Kd1 Ke7 48. Nd3 Kd6 49. Kc2 Kc6 50. Kd1 Bb4 51. Kc2 Bd6 52. Nf2 Kb5 53. Nd3 a4 54. bxa4+ Kxa4 55. Nf2 Bb4 56. Nd3 Bc3 57.
Kd1 Kb3 58. Ke2 Kc2 59. h3 Ba5 60. Nc5 Bc7 61. Nd3 Bd6 62. Ne1+ Kc3 63. Nd3 Bf8 64.
Nf2 Bh6 65. Nd3 Bg5 66. Nc5 d3+ 67. Nxd3 Kd4 68. Nf2 Bh4 69. Nd1 Kxe4 70. Ne3 Bg5 0-1

[Event "*** Titled Tuesday 3|2 Blitz"]
[Site "Chess.com"]
[Date "2015.06.02"]
[Round "5"]
[White "David_Klein"]
[Black "JustaTrickstar"]
[Result "1/2-1/2"]
[WhiteElo "2276"]
[BlackElo "2434"]
[TimeControl "180+2"]
[EndTime "12:01:04 PDT"]
[Termination "Game drawn by stalemate"]

1. e4 c5 2. Nf3 Nc6 3. Bb5 g6 4. O-O Bg7 5. Re1 Nh6 6. c3 O-O 7. d4 cxd4 8. cxd4 d5 9. exd5 Qxd5 10. Nc3 Qd8 11. Bxc6 bxc6 12. Ne5 Bb7 13. Ne4 Nf5 14. Nc5 Qxd4 15. Qxd4 Nxd4 16. Nxb7 Nc2 17. Bf4 Nxa1 18. Rxa1 Rab8 19. Na5 Rxb2 20. Naxc6 Rb7 21. a4 Rc8 22. Rc1 Kf8 23. g3 g5 24. Be3 Rbc7 25. Rd1 f6 26. Nxa7 Rxa7 27. Bxa7 fxe5 28. a5 e4 29. Bb6 Rb8 30.
Re1 Be5 31. Rxe4 Bd6 32. Kg2 Ke8 33. h4 h6 34. hxg5 hxg5 35. Rg4 Kd7 36. Rxg5 Kc6 37. Rf5 Kd7 38. g4 Rg8 39. f3 Rc8 40. g5 Ke6 41. Rb5 Kf7 42. Kh3 Rc4 43. Bg1 Ra4 44.
Bh2 Bb4 45. Bc7 Bd2 46. Kg3 Be1+ 47. Kg2 Bd2 48. f4 Bxf4 49. Rf5+ Kg6 50. Rxf4 Ra2+ 51.
Kg3 Kxg5 52. Re4 Kf6 53. Bb6 e5 54. Bc7 Ra3+ 55. Kf2 Ra2+ 56. Re2 Ra4 57. Bxe5+ Ke6 58. Bc7+ Kd5 59. Rc2 Ke6 60. Bb6 Kd5 61. Ke2 Kd6 62. Kd2 Kd5 63. Kc1 Rb4 64. Rb2 Rxb2 65. Kxb2 Kc6 66.
Kb3 Kb7 67. Kc4 Ka8 68. Kb5 Kb8 69. Kc6 Ka8 70. Kd7 Kb8 71. Kd8 Ka8 72. Kc8 1/2-1/2

[Event "*** Titled Tuesday 3|2 Blitz"]
[Site "Chess.com"]
[Date "2015.06.02"]
[Round "5"]
[White "aripov96"]
[Black "Carolina-moon"]
[Result "0-1"]
[WhiteElo "2246"]
[BlackElo "1995"]
[TimeControl "180+2"]
[EndTime "12:01:04 PDT"]
[Termination "Carolina-moon won by checkmate"]

1. e4 c5 2. Nf3 d6 3. Bb5+ Nd7 4.
O-O a6 5. Bxd7+ Bxd7 6. c3 Bc6 7. Re1 Nf6 8. d4 cxd4 9. cxd4 Bxe4 10. Bg5 d5 11. Nc3 Bxf3 12. Qxf3 e6 13. Bxf6 gxf6 14. Nxd5 Be7 15. Nf4 Qd7 16. Nh5 O-O-O 17. Qf4 Bd6 18. Qxf6 Rhg8 19. Ng3 h5 20. Qh4 Kb8 21. Qxh5 Rh8 22.
Qf3 f5 23. d5 exd5 24. Qxf5 Bxg3 25. Qxd7 Bxh2+ 26. Kf1 Rxd7 27. g3 Bxg3 28. fxg3 Rh2 29. Re8+ Ka7 30. Rae1 Rf7+ 31. Kg1 Rff2 32. Rd8 Rfg2+ 33.
Kf1 Rxb2 34. Kg1 Rbg2+ 35. Kf1 Rxa2 36. Kg1 Rag2+ 37. Kf1 Rxg3 38. Rxd5 Rh1+ 39. Kf2 Rxe1 40. Kxe1 Rc3 41. Kd2 Rc6 42. Rh5 b5 43. Kd3 Kb6 44. Rh8 a5 45. Rb8+ Kc5 46. Kc3 Rg6 47. Rc8+ Kb6 48. Rb8+ Kc5 49. Rc8+ Rc6 50. Rh8 a4 51. Rh5+ Kb6+ 52. Kb4 Rc4+ 53. Ka3 Rg4 54. Rh8 Rg3+ 55.
Kb2 Ka5 56. Ra8+ Kb4 57. Rh8 Rg2+ 58. Kb1 a3 59. Rh4+ Kb3 60. Rh3+ Ka4 61. Rh8 b4 62. Rh3 Rb2+ 63. Ka1 Rc2 64. Kb1 Rc3 65. Rh2 Kb3 66.
Rb2+ Kc4 67. Rh2 Rd3 68. Rh4+ Kc3 69. Rh2 Rd1+ 70. Ka2 Rd2+ 71. Ka1 Rxh2 72. Kb1 b3 73. Kc1 Rh1# 0-1